 Dungeon Crawl Stone Soup version 0.32-a0-913-g739538afd8 (webtiles) character file.

Game seed: 14836699330757958426

2022 Chimkentus the Sneak (level 9, -1/56 HPs)
             Began as an Octopode Shapeshifter on Apr 9, 2024.
             Was a Believer of Okawaru.
             Slain by MirrMurr's ghost (16 damage)
             ... on level 6 of the Dungeon.
             The game lasted 00:35:38 (6082 turns).

Chimkentus the Sneak (Octopode Shapeshifter)        Turns: 6082, Time: 00:35:39

Health: -1/56      AC:  1    Str: 29    XL:     9   Next: 23%
Magic:  10/12      EV: 14    Int: 13    God:    Okawaru [**....]
Gold:   249        SH:  5    Dex: 11    Spells: 8/8 levels left

rFire   . .          .
                       - Unarmed
rCold   . . .        E - +1 buckler
rNeg    . . .        (helmet currently unavailable)
rPois   .            (no amulet)
rElec   .            y - +6 ring of strength
rCorr   .            D - +6 ring of strength
SInv    .            (no ring)
Will    .....        (no ring)
Stlth   ++++++       (no ring)
HPRegen 0.29/turn    (no ring)
MPRegen 0.13/turn    (no ring)
                     (no ring)

%: no passive effects
@: beast-form, heroic, hasted, very quick
A: beast (slay +3), almost no armour, amphibious, 8 rings, camouflage 1,
gelatinous body 1, (nimble swimmer 1), tentacles
a: Begin Untransformation, Renounce Religion, Heroism


You were on level 6 of the Dungeon.
You worshipped Okawaru.
Okawaru was pleased with you.
You were a hulking beast.
You visited 2 branches of the dungeon, and saw 7 of its levels.
You also visited: Ossuary.

You collected 285 gold pieces.
You spent 36 gold pieces at shops.

Inventory:

Hand Weapons
 g - a +1 heavy sling
Missiles
 i - 18 stones
 C - 2 boomerangs (quivered)
Armour
 E - a +1 buckler (worn)
Jewellery
 y - a +6 ring of strength (left tentacle)
 D - a +6 ring of strength (right tentacle)
 F - a ring of resist corrosion
Talismans
 b - a beast talisman (active)
 c - a flux talisman
 k - a blade talisman
Wands
 A - a wand of mindburst (6)
Scrolls
 e - a scroll of brand weapon
 f - a scroll of immolation
 l - 2 scrolls of blinking
 o - 4 scrolls of fog
 p - a scroll of summoning
 q - 4 scrolls of teleportation
 t - 2 scrolls of poison
Potions
 a - a potion of invisibility
 h - 2 potions of curing
 j - 6 potions of brilliance
 m - 2 potions of magic
 n - a potion of mutation {unknown}
 r - a potion of heal wounds {unknown}
 s - 2 potions of enlightenment
 u - a potion of attraction {unknown}
 v - a potion of might {unknown}
 w - a potion of haste
 x - 2 potions of ambrosia {unknown}
 z - a potion of resistance {unknown}
 B - a potion of berserk rage {unknown}


   Skills:
 + Level 3.0(8.0) Fighting
 - Level 1.0(6.0) Ranged Weapons
 + Level 1.8(6.8) Throwing
 + Level 3.5(8.5) Dodging
 + Level 7.2(12.2) Stealth
 + Level 7.2(12.2) Unarmed Combat
 * Level 4.0 Invocations
 + Level 1.6 Evocations
 * Level 5.5 Shapeshifting


You had 8 spell levels left.
You didn't know any spells.
Your spell library contained the following spells:

 Spells                   Type           Power      Damage    Failure   Level
 Static Discharge         Conj/Air       0%         3-3/arc   47%         2
 Fugue of the Fallen      Necr           0%         N/A       71%         3
 Ozocubu's Armour         Ice            0%         N/A       71%         3
 Teleport Other           Tloc           0%         N/A       71%         3
 Airstrike                Air            0%         2d(0-16)  98%         4
 Dispersal                Tloc           0%         N/A       100%        6
 Gell's Gavotte           Tloc           0%         2d(11-16) 100%        6
 Manifold Assault         Tloc           0%         N/A       100%        7
 Summon Lightning Spire   Summ/Air       Unusable   N/A       N/A         4

Dungeon Overview and Level Annotations

Branches:
Dungeon (6/15)             Temple (1/1) D:4         Ossuary (visited)

Altars:
Ashenzari
Cheibriados
Elyvilon
Gozag
Kikubaaqudgha
Makhleb
Nemelex Xobeh
Okawaru
Qazlal
Ru
Trog
Xom
Yredelemnul
Zin
Beogh

Shops:
D:5 *

Annotations:
D:6 MirrMurr's ghost, novice GnWr


Innate Abilities, Weirdness & Mutations

You are a hulking beast.
Your limbs bulge with bestial killing power. (Slay +3)
You cannot wear most types of armour.
You are amphibious.
You can wear up to eight rings at the same time.
Your skin changes colour to match your surroundings (Stealth+).
Your rubbery body absorbs attacks. (AC +1, EV +1)
((You are camouflaged when in or above water. (Stealth+)))
You have tentacles for arms and can constrict up to eight enemies at once.


Message History

MirrMurr's ghost is lightly damaged.
MirrMurr's ghost barely misses you.
You tentacle-slap MirrMurr's ghost.
Your tentacle-slap misses MirrMurr's ghost.
Your squeeze misses MirrMurr's ghost.
MirrMurr's ghost is moderately damaged.
MirrMurr's ghost hits you!
You closely miss MirrMurr's ghost.
MirrMurr's ghost is moderately damaged.
You closely miss MirrMurr's ghost.
You squeeze MirrMurr's ghost, but do no damage.
MirrMurr's ghost is moderately damaged.
MirrMurr's ghost hits you!
You are electrocuted!!
You are too injured to fight recklessly!
You gain the combat prowess of a mighty hero.
You block MirrMurr's ghost's attack.
You tentacle-slap MirrMurr's ghost. You squeeze MirrMurr's ghost!
MirrMurr's ghost is heavily damaged.
You barely miss MirrMurr's ghost.
MirrMurr's ghost is heavily damaged.
MirrMurr's ghost keens inconsolably.
You block MirrMurr's ghost's attack.
You tentacle-slap MirrMurr's ghost.
MirrMurr's ghost is heavily damaged.
You bludgeon MirrMurr's ghost!
You squeeze MirrMurr's ghost, but do no damage.
MirrMurr's ghost is severely damaged.
You closely miss MirrMurr's ghost.
MirrMurr's ghost is severely damaged.
MirrMurr's ghost hits you!
* * * LOW HITPOINT WARNING * * *
You feel better. MirrMurr's ghost hits you!
* * * LOW HITPOINT WARNING * * *
You feel better.
You miss MirrMurr's ghost.
MirrMurr's ghost is severely damaged.
MirrMurr's ghost hits you!
* * * LOW HITPOINT WARNING * * *
You are electrocuted!
You die...

#..######.###....#...###..#
##.######.#~#....#.#####..#
#...##...#!#.)....####..##
###......#~#........##.##
####...#~#....#.#.#..#
#...#~#....#.#...##
#...#S#....#.....#
###.#W#....##....####
#.h......##.......#
#######........##.#
#####.....#.# #######.. ###


You could see MirrMurr's ghost and an adder.

Vanquished Creatures
  The ghost of Takeo the Shooter, an amateur CoHu of Gozag (D:5)
  A water moccasin (D:6)
  A sky beast (D:6)
  2 black bears
  An ice beast (D:6)
  2 phantoms (D:5)
  A weeping skull (Ossuary)
  A bullfrog (D:6)
  A gnoll sergeant (D:6)
  A scorpion (D:4)
  A burial acolyte (Ossuary)
  A centaur zombie (Ossuary)
  2 bombardier beetles (D:4)
  A jelly (D:4)
  A gnoll bouda (D:6)
  An orc priest (D:5)
  3 orc wizards (D:6)
  2 sleepcaps (D:6)
  Ijyb (D:5)
  7 iguanas
  5 mummies
  10 gnolls
  7 adders
  A shadow imp (D:6)
  A white imp (D:6)
  4 ribbon worms
  6 dart slugs
  14 orcs
  7 endoplasms
  5 giant cockroaches
  3 gnoll zombies (Ossuary)
  7 goblins
  9 hobgoblins
  3 jackals (D:4)
  10 kobolds
  3 quokkas
  12 ball pythons
  7 bats
  10 frilled lizards
  3 kobold zombies
  3 orc zombies
  9 rats
171 creatures vanquished.

Vanquished Creatures (others)
  An orc (D:5)
1 creature vanquished.

Grand Total: 172 creatures vanquished

Notes
Turn   | Place    | Note
-------+----------+-------------------------------------------
     0 | D:1      | Chimkentus the Octopode Shapeshifter began the quest for
                  | the Orb.
     0 | D:1      | Reached XP level 1. HP: 13/13 MP: 1/1
    61 | D:1      | Reached skill level 1 in Stealth
    74 | D:1      | Reached XP level 2. HP: 18/18 MP: 2/2
   304 | D:1      | Reached XP level 3. HP: 23/23 MP: 3/3
   635 | D:2      | Reached XP level 4. HP: 15/28 MP: 4/4
  1548 | D:2      | Reached XP level 5. HP: 33/33 MP: 5/5
  2652 | D:4      | Noticed a black bear
  2659 | D:4      | Killed a black bear
  2660 | D:4      | Reached XP level 6. HP: 39/39 MP: 6/6
  2753 | D:4      | Reached skill level 5 in Unarmed Combat
  2890 | D:4      | Found a staircase to the Ecumenical Temple.
  2901 | Temple   | Entered the Ecumenical Temple
  2908 | Temple   | Became a worshipper of Warmaster Okawaru
  2950 | D:4      | Reached XP level 7. HP: 39/45 MP: 7/7
  3220 | D:5      | Entered Level 5 of the Dungeon
  3225 | D:5      | Found a runed translucent gate.
  3226 | D:5      | Found a runed translucent gate.
  3226 | D:5      | Noticed Takeo's ghost (amateur CoHu)
  3230 | D:5      | Identified the +5 leather armour "Dudujel" {Harm Str-4
                  | Int+4}
  3271 | D:5      | Found a runed translucent gate.
  3383 | D:5      | Reached skill level 1 in Throwing
  3412 | D:5      | Found a sand-covered staircase.
  3418 | Ossuary  | Entered an ossuary
  3474 | Ossuary  | Reached skill level 1 in Invocations
  3806 | D:5      | Noticed Ijyb
  3831 | D:5      | Reached * piety under Okawaru
  3991 | D:5      | Reached skill level 5 in Stealth
  4115 | D:5      | Reached XP level 8. HP: 49/51 MP: 9/9
  4522 | D:5      | Killed Ijyb
  4750 | D:5      | Found Jaontago's Assorted Antiques.
  4753 | D:5      | Bought a golden potion for 18 gold pieces
  4753 | D:5      | Bought a bubbling grey potion for 18 gold pieces
  4823 | D:5      | Found a roughly hewn altar of Beogh.
  5049 | D:5      | Killed Takeo's ghost
  5059 | D:5      | Reached skill level 5 in Shapeshifting
  5067 | D:5      | Identified the +1 pair of gloves of the Thinker {Int+3}
  5190 | D:5      | Reached skill level 1 in Ranged Weapons
  5555 | D:6      | Reached XP level 9. HP: 55/55 MP: 11/11
  5689 | D:6      | Reached ** piety under Okawaru
  5690 | D:6      | Reached skill level 1 in Evocations
  6014 | D:6      | Found a runed translucent door.
  6019 | D:6      | Noticed MirrMurr's ghost (novice GnWr)
  6082 | D:6      | Slain by MirrMurr's ghost

Illustrated notes

Levels and vault maps discovered:
D:1:      ncdulo_watergridlock, layout_basic
D:2:      layout_loops_ring, minmay_misc_feat_enclosed, grunt_ministairs_8,
          st_stairs_10, minmay_lizard_king
D:3:      layout_loops_ring, serial_rivers, chequers_serial_rivers_micro_a,
          chequers_serial_rivers_micro_a, chequers_serial_rivers_large_a,
          chequers_serial_rivers_small_3, kennysheep_cross_room,
          nicolae_elevator_lobby_plus
D:4:      layout_basic, minmay_temple_entry_mini_moons,
          hangedman_abyss_or_decor_stabs
D:5:      layout_layer_cave, serial_shops, nicolae_shop_behind_doors,
          nicolae_ossuary_entry_giza, biasface_ghost_orc_armoury, uniq_ijyb
D:6:      layout_rooms, ebering_ghost_sewer_d
Temple:   nicolae_temple_ecumenical_triangle

Skill      XL: |  1  2  3  4  5  6  7  8  9 |
---------------+----------------------------+-----
Stealth        | 1 2 3 4 5 7 |  7.2
Unarmed Combat | 4 5 6 7 |  7.2
Shapeshifting  | 4 5 |  5.5
Fighting       | 2 3 |  3.0
Throwing       | 1 |  1.8
Invocations    | 1 3 4 |  4.0
Dodging        | 3 |  3.5
Ranged Weapons | 1 |  1.0
Evocations     | 1 |  1.6

Action                     |  1- 3 |  4- 6 |  7- 9 || total
---------------------------+-------+-------+-------++-------
  Melee: Unarmed           |    54 |   121 |   154 ||   329
         Punch             |     3 |     4 |     5 ||    12
         Constrict         |    17 |    31 |    37 ||    85
         Tentacles         |    13 |    18 |    38 ||    69
   Fire: Sling             |       |       |     2 ||     2
  Throw: Stone             |       |    21 |     7 ||    28
         Boomerang         |       |       |    19 ||    19
 Invoke: Heroism           |       |       |     4 ||     4
  Evoke: Wand              |       |       |    22 ||    22
    Use: Scroll            |       |     5 |    10 ||    15
         Potion            |       |     1 |     8 ||     9
   Stab: Sleeping          |     3 |     7 |     9 ||    19
         Invisible         |       |       |     6 ||     6
 Armour: Skin              |    22 |    47 |    53 ||   122
  Dodge: Dodged            |    31 |    49 |    74 ||   154
  Block: Buckler           |       |       |     3 ||     3

Table legend: (Time is in decaauts)
 A = Elapsed time spent in this place.
 B = Non-inter-level travel time spent in this place.
 C = Inter-level travel time spent in this place.
 D = Time resting spent in this place.
 E = Time spent auto-exploring this place.
 F = Levels seen in this place.
 G = Mean time per level.
                   A        B        C        D        E       F      G
               +--------+--------+--------+--------+--------+-----+--------+
         Total |   6051 |   5766 |    285 |    142 |   4315 |   8 |  756.4 |
       Dungeon |   5681 |   5408 |    273 |     68 |   4256 |   6 |  946.8 |
        Temple |     14 |      2 |     12 |      0 |      0 |   1 |   14.0 |
       Ossuary |    355 |    355 |      0 |     74 |     59 |   1 |  355.0 |
               +--------+--------+--------+--------+--------+-----+--------+

Top non-repeatable levels by time:
     D:5: 1669 daAuts
     D:2: 939 daAuts
     D:4: 831 daAuts
     D:3: 825 daAuts
     D:6: 818 daAuts
     D:1: 598 daAuts
 Ossuary: 355 daAuts
  Temple: 14 daAuts
